 Dungeon Crawl Stone Soup version 0.23.2-40-g277498a001 (webtiles) character file.

Game seed: 12594102798654792335

108 ChadusMaximus the Grave Robber (level 4, -2/27 HPs)
             Began as a Mummy Necromancer on Sept 17, 2019.
             Was an Initiate of Hepliaklqana.
             Slain by a hobgoblin
             ... wielding a +0 club
             ... led by Robin
              (3 damage)
             ... on level 2 of the Dungeon.
             The game lasted 00:07:52 (3077 turns).

ChadusMaximus the Grave Robber (Mummy Necromancer)  Turns: 3077, Time: 00:07:52

Health: -2/27      AC:  2    Str: 11    XL:     4   Next: 58%
Magic:  6/10       EV: 12    Int: 19    God:    Hepliaklqana [......]
Gold:   120        SH:  0    Dex: 12    Spells: 9/11 levels left

rFire    x . .     SeeInvis .   e - +3 dagger
rCold    + . .     Gourm    .   (no shield)
rNeg     + + +     Faith    .   a - +0 robe
rPois    ∞         Spirit   .   (no helmet)
rElec    .         Reflect  .   (no cloak)
rCorr    .         Harm     .   (no gloves)
MR       .....                  (no boots)
Stlth    ++........             (no amulet)
HPRegen  0.09/turn              c - +4 ring of intelligence
MPRegen  0.12/turn              (no ring)

@: no status effects
A: no food or potions, fire vulnerability, reduced essence, cold resistance 1,
negative energy resistance 3, torment resistance, unbreathing
a: Recall Ancestor, Ancestor Identity, Renounce Religion


You were on level 2 of the Dungeon.
You worshipped Hepliaklqana.
Hepliaklqana was noncommittal.
You were not hungry.

You visited 1 branch of the dungeon, and saw 3 of its levels.

You collected 120 gold pieces.

Inventory:

Hand Weapons
 e - a +3 dagger (weapon)
Armour
 a - a +0 robe (worn)
Jewellery
 c - a +4 ring of intelligence (left hand)
 g - an uncursed ring of see invisible {unknown}
 k - a cursed ring of protection from magic {unknown}
 m - a +5 ring of intelligence
Scrolls
 b - a scroll of fog {unknown}
 d - a scroll of identify {unknown}
 f - 2 scrolls of immolation {unknown}
 h - a scroll of teleportation {unknown}
 i - a scroll of fear {unknown}
 j - a scroll of amnesia {unknown}
 l - a scroll of remove curse {unknown}
 n - a scroll of noise {unknown}


   Skills:
 + Level 0.1 Fighting
 + Level 0.7 Short Blades
 + Level 1.6 Dodging
 + Level 1.7 Stealth
 + Level 4.1 Spellcasting
 + Level 5.1 Necromancy


You had 9 spell levels left.
You knew the following spells:

 Your Spells              Type           Power        Failure   Level  Hunger
a - Pain                  Necr           ###.         1%          1    N/A
b - Animate Skeleton      Necr           N/A          1%          1    N/A

Your spell library contained the following spells:

 Spells                   Type           Power        Failure   Level  Hunger
 Vampiric Draining        Necr           ###.......   4%          3    N/A
 Animate Dead             Necr           N/A          16%         4    N/A
 Regeneration             Chrm/Necr      Unusable     N/A         3    N/A

Dungeon Overview and Level Annotations

Branches:
Dungeon (3/15)

Altars:
Cheibriados
Dithmenos
Hepliaklqana
Nemelex Xobeh
Ru
Uskayaw
Zin

Annotations:
D:2 Robin


Innate Abilities, Weirdness & Mutations

You do not eat or drink.
Your flesh is vulnerable to fire.
You are immune to poison.
Your flesh is cold resistant. (rC+)
You are immune to negative energy. (rN+++)
You are immune to unholy pain and torment.
You can survive without breathing.
Your life essence is reduced to manifest your ancestor. (-10% HP)


Message History

The hobgoblin hits you with a +0 club.
* * * LOW HITPOINT WARNING * * *
Xochitl hits the hobgoblin.
Casting: Pain (safe; 1% risk of failure)
Confirm with . or Enter, or press ? or * to list all spells.
Aiming: Pain (safe; 1% risk of failure)
Press: ? - help, Shift-Dir - straight line, f/p - hobgoblin
Aim: a hobgoblin, wielding a +0 club (almost dead, chance to defeat MR: 92%)
The hobgoblin barely resists.
Robin misses you. The hobgoblin closely misses you.
The hobgoblin barely misses you.
Xochitl hits the hobgoblin.
Casting: Pain (safe; 1% risk of failure)
Confirm with . or Enter, or press ? or * to list all spells.
Aiming: Pain (safe; 1% risk of failure)
Press: ? - help, Shift-Dir - straight line, f/p - hobgoblin
Aim: a hobgoblin, wielding a +0 club (almost dead, chance to defeat MR: 92%)
The hobgoblin writhes in agony!
You kill the hobgoblin!
Robin hits you but does no damage. The hobgoblin hits you with a +0 club.
You die...

#≈_(≈.≈.≈.≈..#
#≈≈........≈.#########
##########≈..........# ### #....#
########....# ..###....# #....#
..##...### ##....# .....#.#
###.....# ### .......##
###.......# ##..
........########@)g#.....# ##..#
######.........gg###.....####..##
## #.##.#(..R###.......##...## .#
##.##....#...........##.### .#
##..#............######..#
.###..#...####.#....)#####.##
.#...#...## #<..............#
...##....# #.#####....#.##.#
.........####.# ##...#.##.#


You could see the friendly Xochitl the ancestor, Robin and 2 hobgoblins.

Vanquished Creatures
  5 adders
  An adder skeleton (D:2)
  A worm (D:2)
  A leopard gecko (D:1)
  A giant cockroach (D:2)
  12 goblins
  6 hobgoblins
  6 jackals
  2 kobolds
  A ball python (D:1)
  7 bats
  2 frilled lizards (D:1)
  5 rats
50 creatures vanquished.

Vanquished Creatures (collateral kills)
  An ooze (D:3)
  A goblin (D:3)
  A frilled lizard (D:3)
  A kobold (D:3)
4 creatures vanquished.

Grand Total: 54 creatures vanquished

Notes
Turn   | Place    | Note
-------+----------+-------------------------------------------
     0 | D:1      | ChadusMaximus the Mummy Necromancer began the quest for the
                  | Orb.
     0 | D:1      | Reached XP level 1. HP: 13/13 MP: 4/4
   514 | D:1      | Reached XP level 2. HP: 19/19 MP: 3/5
  1044 | D:1      | Learned a level 1 spell: Animate Skeleton
  1412 | D:1      | Reached XP level 3. HP: 12/24 MP: 0/7
  2106 | D:2      | Found a sacrificial altar of Ru.
  2176 | D:3      | Reached XP level 4. HP: 24/30 MP: 0/9
  2222 | D:3      | Reached skill level 5 in Necromancy
  2661 | D:3      | Noticed Robin
  2998 | D:2      | Found a glowing silver altar of Zin.
  3002 | D:2      | Found a sparkling altar of Nemelex Xobeh.
  3004 | D:2      | Found a hide-covered altar of Uskayaw.
  3004 | D:2      | Found a snail-covered altar of Cheibriados.
  3005 | D:2      | Found a shadowy altar of Dithmenos.
  3009 | D:2      | Found a hazy altar of Hepliaklqana.
  3019 | D:2      | Became a worshipper of Hepliaklqana the Forgotten
  3075 | D:2      | HP: 1/27 [hobgoblin/+0 club[Robin] (2)]
  3077 | D:2      | Slain by a hobgoblin

Skill      XL: |  1  2  3  4 |
---------------+-------------+-----
Spellcasting   | 3 4 |  4.1
Necromancy     | 5 |  5.1
Fighting       | |  0.1
Short Blades   | |  0.7
Dodging        | |  1.6
Stealth        | |  1.7

Action                   |  1- 3 |  4- 6 || total
-------------------------+-------+-------++-------
Melee: Dagger            |    14 |       ||    14
 Cast: Pain              |    69 |    35 ||   104
       Animate Skeleton  |     3 |     3 ||     6
Invok: Ancestor Identity |       |     2 ||     2
Armor: Robe              |    10 |     7 ||    17
Dodge: Dodged            |    34 |    29 ||    63
